 Dungeon Crawl Stone Soup version 0.26-a0-30-g56b8cd3df0 (webtiles) character file.

Game seed: 14031877386851940364, levelgen mode: deterministic

886 vurker the Thaumaturge (level 7, 0/40 HPs)
             Began as a Deep Elf Wizard on May 29, 2020.
             Slain by a centaur (4 damage)
             ... on level 6 of the Dungeon.
             The game lasted 00:09:27 (5979 turns).

vurker the Thaumaturge (Deep Elf Wizard)            Turns: 5979, Time: 00:09:27

Health: 0/40       AC:  8    Str:  4    XL:     7   Next: 76%
Magic:  14/20      EV: 11    Int: 25    God:
Gold:   159        SH:  0    Dex: 13    Spells: 17/22 levels left

rFire    + . .     SeeInvis .   p - +3 short sword (elec)
rCold    + . .     Gourm    .   (no shield)
rNeg     . . .     Faith    .   r - +2 leather armour {rF+}
rPois    .         Spirit   .   j - +2 hat
rElec    .         Reflect  .   k - +0 cloak
rCorr    .         Harm     .   (no gloves)
MR       .....                  (no boots)
Stlth    ++........             g - amulet of regeneration
HPRegen  0.53/turn              n - ring of protection from cold
MPRegen  0.17/turn              q - ring of flight

@: very slightly contaminated
A: no striking features
a: Evoke Flight


You were on level 6 of the Dungeon.
You were not hungry.

You visited 1 branch of the dungeon, and saw 6 of its levels.

You collected 159 gold pieces.

Inventory:

Hand Weapons
 p - a +3 short sword of electrocution (weapon)
   (You took it off an orc on level 3 of the Dungeon)
Armour
 j - a +2 hat (worn)
   (You found it on level 2 of the Dungeon)
 k - a +0 cloak (worn)
   (You found it on level 2 of the Dungeon)
 r - a +2 leather armour of fire resistance (worn)
   (You found it on level 4 of the Dungeon)
Jewellery
 g - an amulet of regeneration (around neck)
   (You found it on level 3 of the Dungeon)
 n - a ring of protection from cold (left hand)
   (You took it off a hobgoblin on level 2 of the Dungeon)
 q - a ring of flight (right hand)
   (You found it on level 4 of the Dungeon)
 s - an uncursed amulet of guardian spirit
   (You took it off an orc wizard on level 5 of the Dungeon)
Wands
 d - a wand of iceblast (13)
   (You found it on level 4 of the Dungeon)
Scrolls
 c - 11 scrolls of remove curse
 l - 2 scrolls of teleportation
Potions
 a - 2 potions of lignification {unknown}
 f - 2 potions of heal wounds
 h - 3 potions of curing
 u - a potion of haste {unknown}
 v - a potion of mutation {unknown}
Comestibles
 b - 6 chunks of flesh
 e - 11 rations


   Skills:
 + Level 2.7 Fighting
 - Level 2.4 Dodging
 - Level 2.4 Stealth
 * Level 8.4 Spellcasting
 * Level 5.8 Conjurations
 - Level 3.0 Summonings
 - Level 1.1 Translocations


You had 17 spell levels left.
You knew the following spells:

 Your Spells              Type           Power        Failure   Level  Hunger
a - Magic Dart            Conj           ####         1%          1    None
b - Call Imp              Summ           ####....     4%          2    None
w - Blink                 Tloc           N/A          10%         2    None

Your spell library contained the following spells:

 Spells                   Type           Power        Failure   Level  Hunger
 Conjure Flame            Conj/Fire      ####....     10%         3    None
 Mephitic Cloud           Conj/Pois/Air  ###.....     14%         3    None
 Slow                     Hex            ##......     16%         2    None


Dungeon Overview and Level Annotations

Branches:
Dungeon (6/15)
 Temple: D:4-7

Altars:
Xom


Message History

r - Retreat! s - Stop attacking. g - Guard the area. f - Follow me.
Anything else - Cancel.
Okay, then.
What are your orders? t - Shout!
Orders for allies: a - Attack new target. r - Retreat! s - Stop attacking. g - Guard the area. f - Follow me.
Anything else - Cancel.
Retreat in which direction?
Fall back!
What are your orders? t - Shout!
Orders for allies: a - Attack new target. r - Retreat! s - Stop attacking. g - Guard the area. f - Follow me.
Anything else - Cancel.
Gang up on whom?
Aim: a centaur, quivering 12 arrows (asleep) Attack!
The centaur shouts!
You hit the centaur but do no damage. The centaur hits you.
The centaur hits you but does no damage.
Your crimson imp hits the centaur but does no damage.
You hit the centaur but do no damage. The centaur hits you.
Your crimson imp hits the centaur.
The centaur hits you but does no damage.
You closely miss the centaur. The centaur hits you.
Your crimson imp closely misses the centaur.
You hit the centaur. The centaur closely misses you.
Your crimson imp hits the centaur.
The centaur hits you!
Aim: a centaur, quivering 12 arrows (moderately wounded)
The magic dart hits the centaur.
The centaur hits you.
Your crimson imp blinks!
Aim: a centaur, quivering 12 arrows (heavily wounded)
You miscast Magic Dart.
You are very lightly contaminated with residual magic.
Nothing appears to happen.
The centaur hits you!
* * * LOW HITPOINT WARNING * * *
The centaur hits you.
* * * LOW HITPOINT WARNING * * *
You swap places.
The centaur wields a +0 shortbow.
The centaur shoots an arrow.
The arrow closely misses your crimson imp.
The arrow hits you!
* * * LOW HITPOINT WARNING * * *
Your crimson imp closely misses the centaur.
Your crimson imp blinks!
The centaur unwields a +0 shortbow.
The centaur hits you.
You die...

#.# #.#.....
#.# #.#.#.##
#.# ####
........ #.#
...
.........
#.# .####
.##.#...##
#.#####.....
..#...#
#.##......#
#...
#.##.###c.#
#.
#......@5.#
#.
####.###.##
#.# .# #..
.. #### .##
.5 .. .#


You could see a centaur and 2 friendly crimson imps.

Vanquished Creatures
  A centaur (D:5)
  A bullfrog (D:6)
  A hound (D:4)
  An orc wizard (D:5)
  An iguana (D:4)
  A hound skeleton (D:4)
  2 gnolls (D:5)
  4 adders
  An ooze (D:2)
  3 worms
  A dart slug (D:1)
  2 leopard geckos
  7 orcs
  4 giant cockroaches
  7 goblins
  7 hobgoblins
  6 jackals
  9 kobolds
  4 quokkas
  13 bats
  5 frilled lizards
  A leopard gecko skeleton (D:4)
  A quokka skeleton (D:4)
  4 rats
87 creatures vanquished.

Vanquished Creatures (collateral kills)
  Grinder (D:5)
  Menkaure (D:4)
  2 ogres (D:5)
  A centaur (D:5)
  An orc priest (D:3)
  2 orc wizards (D:5)
  An iguana (D:4)
  2 gnolls (D:5)
  An adder (D:2)
  10 orcs
  2 giant cockroaches
  A jackal (D:5)
25 creatures vanquished.

Grand Total: 112 creatures vanquished

Notes
Turn   | Place    | Note
-------+----------+-------------------------------------------
     0 | D:1      | vurker the Deep Elf Wizard began the quest for the Orb.
     0 | D:1      | Reached XP level 1. HP: 10/10 MP: 7/7
   259 | D:1      | Reached XP level 2. HP: 15/16 MP: 1/9
   472 | D:1      | Learned a level 2 spell: Call Imp
   475 | D:1      | Learned a level 2 spell: Blink
  1186 | D:2      | Reached skill level 5 in Spellcasting
  1232 | D:2      | Reached XP level 3. HP: 20/20 MP: 5/11
  1908 | D:2      | Found a shimmering altar of Xom.
  2337 | D:3      | Reached skill level 1 in Fighting
  2389 | D:3      | Reached XP level 4. HP: 25/25 MP: 3/13
  3691 | D:4      | Reached XP level 5. HP: 29/29 MP: 6/15
  3855 | D:4      | Noticed Menkaure
  3933 | D:4      | Killed Menkaure
  3933 | D:4      | Reached skill level 6 in Spellcasting
  4143 | D:4      | Reached XP level 6. HP: 33/34 MP: 9/17
  4413 | D:5      | Entered Level 5 of the Dungeon
  4780 | D:5      | Reached skill level 7 in Spellcasting
  4909 | D:5      | Noticed Grinder
  4930 | D:5      | Paralysed by Grinder for 4 turns
  4936 | D:5      | Killed Grinder
  4936 | D:5      | Reached skill level 5 in Conjurations
  4936 | D:5      | Reached XP level 7. HP: 38/40 MP: 8/20
  5203 | D:5      | Reached skill level 8 in Spellcasting
  5979 | D:6      | Slain by a centaur

Illustrated notes

Levels and vault maps discovered:
D:1:      onia_arrival_mini_spirals, layout_loops_ring, serial_bayou_crossing
D:2:      layout_basic, brannock_xom_greatest_gift
D:3:      layout_loops_ring, minmay_misc_feat_plants
D:4:      layout_rooms, uniq_menkaure
D:5:      layout_basic, first_ration, nrook_mini_vaults, uniq_grinder
D:6:      kennysheep_spiral_hall, layout_loops_ring

Skill      XL: |  1  2  3  4  5  6  7 |
---------------+----------------------+-----
Conjurations   | 2 3 5 |  5.8
Spellcasting   | 5 6 7 8 |  8.4
Summonings     | 2 3 |  3.0
Fighting       | 1 2 |  2.7
Dodging        | |  2.4
Stealth        | |  2.4
Translocations | |  1.1

Action                   |  1- 3 |  4- 6 |  7- 9 || total
-------------------------+-------+-------+-------++-------
Melee: Short sword       |       |    23 |     4 ||    27
       Dagger            |       |     3 |       ||     3
 Cast: Magic Dart        |    95 |   110 |    41 ||   246
       Call Imp          |     5 |    27 |    13 ||    45
Evoke: Wand              |       |     1 |       ||     1
  Use: Scroll            |     1 |       |     6 ||     7
  Eat: Chunk             |     4 |     8 |     3 ||    15
Armor: Robe              |     2 |    11 |       ||    13
       Leather armour    |       |    22 |     7 ||    29
Dodge: Dodged            |     7 |    41 |    13 ||    61

Table legend:
 A = Non-vault XP
 B = Vault XP
 C = Vault XP percentage of total XP
 D = Non-vault monster count
 E = Vault monster count
 F = Vault count percentage of total count
                 A         B        C        D         E       F
            +---------+---------+-------+---------+---------+-------
      Total |     949 |     317 |  25.0 |     110 |       2 |   1.8
            +---------+---------+-------+---------+---------+-------
        D:1 |      34 |       0 |   0.0 |      20 |       0 |   0.0
        D:2 |      50 |       0 |   0.0 |      19 |       0 |   0.0
        D:3 |      82 |       0 |   0.0 |      26 |       0 |   0.0
        D:4 |     133 |     115 |  46.4 |      16 |       1 |   5.9
        D:5 |     578 |     202 |  25.9 |      25 |       1 |   3.8
        D:6 |      72 |       0 |   0.0 |       4 |       0 |   0.0
            +---------+---------+-------+---------+---------+-------
